 Dungeon Crawl Stone Soup version 0.18-a0-19-g8b99b3a (webtiles) character file.

60 Raultor the Shield-Bearer (level 4, -6/29 HPs)
             Began as a Gargoyle Fighter on Nov 1, 2015.
             Killed by nerve-wracking pain
             ... invoked by Grinder
              (9 damage)
             ... on level 3 of the Dungeon.
             The game lasted 00:03:33 (1715 turns).

Raultor the Shield-Bearer (Gargoyle Fighter)        Turns: 1715, Time: 00:03:33

Health: -6/29      AC: 11    Str: 21    XL:     4   Next: 4%
Magic:  4/4        EV:  7    Int:  8    God:
Gold:   64         SH:  9    Dex:  9    Spells: 0 memorised, 3 levels left

rFire  . . .     SeeInvis .     f - +0 whip (curse)
rCold  . . .     Clarity  .     b - +0 scale mail
rNeg   + . .     SustAt   .     c - +0 shield
rPois  ∞         Gourm    .     o - +0 helmet
rElec  +         Spirit   .     (no cloak)
rCorr  .         Warding  .     (no gloves)
rMut   .         Stasis   .     (no boots)
MR     .....                    (no amulet)
Stlth  ..........               (no ring)
                                (no ring)

@: not resistant to hostile enchantments, extremely unstealthy
A: negative energy resistance 1, electricity resistance, unbreathing,
petrification resistance, rot immunity, AC +3
a: no special abilities


You were on level 3 of the Dungeon.
You were not hungry.

You visited 1 branch of the dungeon, and saw 3 of its levels.

You collected 64 gold pieces.

Inventory:

Hand Weapons
 a - a +0 flail
 f - a cursed +0 whip (weapon)
Missiles
 p - a throwing net (quivered)
Armour
 b - a +0 scale mail (worn)
 c - a +0 shield (worn)
 o - a +0 helmet (worn)
Scrolls
 g - 3 scrolls of identify {unknown}
 i - a scroll of teleportation {unknown}
 j - 2 scrolls of remove curse {unknown}
 k - a scroll of immolation {unknown}
 l - a scroll of magic mapping {unknown}
 n - a scroll of recharging {unknown}
 v - a scroll of fog {unknown}
Potions
 d - 2 potions of might
 q - a potion of flight {unknown}
 r - 2 potions of agility {unknown}
 u - a potion of curing {unknown}
Comestibles
 e - a bread ration
 h - 5 fruits
 m - 3 chunks of flesh
 s - a beef jerky
 t - 2 slices of pizza


   Skills:
 + Level 3.8 Fighting
 * Level 2.5 Maces & Flails
 + Level 3.7 Armour
 + Level 4.1 Shields


You had 3 spell levels left.
You didn't know any spells.

Dungeon Overview and Level Annotations

Branches:
Dungeon (3/15)

Altars:
Gozag

Annotations:
D:3 Grinder


Innate Abilities, Weirdness & Mutations

You are resistant to torment.
Your stone body is resilient (AC +3).
You are immune to poison.
You resist negative energy.
You are resistant to electric shocks.
You can survive without breathing.
You are immune to petrification.
You are immune to rotting.


Message History

You closely miss Grinder.
Grinder is moderately wounded.
Grinder gestures.
Grinder blinks!
Grinder gestures at you. Pain shoots through your body!
* * * LOW HITPOINT WARNING * * *
You are too injured to fight recklessly!
You are too injured to fight recklessly!
You are too injured to fight recklessly!
You are too injured to fight recklessly!
You are too injured to fight recklessly!
Grinder barely misses you. Grinder gestures at you.
You barely resist. You hit Grinder.
Grinder is moderately wounded.
Grinder gestures at you. Pain shoots through your body!
You die...

####### #.....# ########
#.....# #....$.# #.....#
#......# #.....# #......#
###.....#######.@5...###..
................?.........
###############......##..
....<# #......# .#####
######## ..# .## .# .#


You could see Grinder.

Vanquished Creatures
  2 adders (D:2)
  A giant gecko (D:2)
  An orc (D:3)
  5 bats
  2 giant cockroaches
  7 hobgoblins
  A ball python (D:2)
  2 giant newts (D:2)
  6 goblins
  3 kobolds (D:1)
  10 rats
40 creatures vanquished.

Notes
Turn   | Place    | Note
--------------------------------------------------------------
     0 | D:1      | Raultor the Gargoyle Fighter began the quest for the Orb.
     0 | D:1      | Reached XP level 1. HP: 14/14 MP: 1/1
   224 | D:1      | Reached XP level 2. HP: 19/19 MP: 2/2
   815 | D:2      | Reached XP level 3. HP: 24/24 MP: 3/3
  1306 | D:2      | Reached skill level 4 in Shields
  1496 | D:2      | Found an opulent altar of Gozag.
  1655 | D:3      | Reached XP level 4. HP: 25/29 MP: 4/4
  1690 | D:3      | Noticed Grinder
  1715 | D:3      | Killed from afar by Grinder

Vault maps used:
D:1:      minmay_arrival_hallway
D:2:      lemuel_coloured_pillars_altar
D:3:      first_bread, nemelex_dance_club_becter, uniq_iyjb, uniq_grinder

Action                   |  1- 3 |  4- 6 || total
-------------------------+-------+-------++-------
Melee: Flail             |    19 |       ||    19
       Whip              |   158 |    19 ||   177
  Eat: Chunk             |     2 |     1 ||     3
